 Dungeon Crawl Stone Soup version 0.24.1-14-gf8d2b50 (webtiles) character file.

Game seed: 8159330174360132208, levelgen mode: deterministic

1477 gwangjeom the Poker (level 8, -1/54 HPs)
             Began as an Octopode Fighter on June 23, 2020.
             Was an Initiate of Fedhas.
             Slain by an ogre
             ... wielding a +0 giant club
              (22 damage)
             ... on level 6 of the Dungeon.
             The game lasted 00:15:39 (6709 turns).

gwangjeom the Poker (Octopode Fighter)              Turns: 6709, Time: 00:15:40

Health: -1/54      AC:  1    Str: 17    XL:     8   Next: 79%
Magic:  8/8        EV: 13    Int: 10    God:    Fedhas [......]
Gold:   193        SH:  9    Dex: 12    Spells: 7/7 levels left

rFire    . . .     SeeInvis .   a - +0 trident
rCold    . . .     Gourm    .   b - +0 shield
rNeg     . . .     Faith    .   (helmet restricted)
rPois    .         Spirit   .   (no amulet)
rElec    .         Reflect  .   (no ring)
rCorr    .         Harm     .   (no ring)
MR       .....                  (no ring)
Stlth    +++.......             (no ring)
HPRegen  0.18/turn              (no ring)
MPRegen  0.11/turn              (no ring)
                                (no ring)
                                (no ring)

@: no status effects
A: almost no armour, stealthy swim, amphibious, 8 rings, constrict 8, camouflage
1, gelatinous body 1
a: Renounce Religion


You were on level 6 of the Dungeon.
You worshipped Fedhas.
Fedhas was noncommittal.
You were very hungry.

You visited 1 branch of the dungeon, and saw 6 of its levels.

You collected 193 gold pieces.

Inventory:

Hand Weapons
 a - a +0 trident (weapon)
Missiles
 g - 6 javelins
 i - 28 poisoned darts (quivered)
 u - 3 boomerangs
 y - a throwing net
Armour
 b - a +0 shield (worn)
Wands
 n - a wand of flame (11)
 w - a wand of random effects (10)
Scrolls
 e - a scroll of fog {unknown}
 f - 4 scrolls of identify {unknown}
 h - 2 scrolls of blinking {unknown}
 k - a scroll of amnesia {unknown}
 l - a scroll of immolation {unknown}
 m - 3 scrolls of enchant weapon {unknown}
 o - a scroll of random uselessness {unknown}
 q - 3 scrolls of noise {unknown}
 t - a scroll of teleportation {unknown}
 x - a scroll of enchant armour {unknown}
Potions
 c - a potion of might
 j - a potion of flight {unknown}
 p - a potion of brilliance {unknown}
 r - 2 potions of ambrosia {unknown}
 s - 2 potions of haste {unknown}
 v - 2 potions of degeneration {unknown}
 z - a potion of agility
Comestibles
 d - 9 rations


   Skills:
 + Level 4.6 Fighting
 + Level 6.1 Polearms
 + Level 4.5 Throwing
 + Level 4.9 Dodging
 - Level 3.2 Stealth
 + Level 5.3 Shields


You had 7 spell levels left.
You didn't know any spells.
Your spell library contained the following spells:

 Spells                   Type           Power        Failure   Level  Hunger
 Corona                   Hex            #......      78%         1    ##.....
 Ensorcelled Hibernation  Hex/Ice        #.....       89%         2    ###....
 Confuse                  Hex            #.......     98%         3    ####...
 Dazzling Spray           Conj/Hex       #.....       98%         3    ####...
 Tukima's Dance           Hex            #.......     98%         3    ####...


Dungeon Overview and Level Annotations

Branches:
Dungeon (6/15)
 Temple: D:4-7

Altars:
Ashenzari
Dithmenos
Fedhas
Gozag
Kikubaaqudgha
Nemelex Xobeh
Ru
Trog
Vehumet

Annotations:
D:2 exclusion: downstairs
D:5 3 runed translucent doors, exclusion: downstairs, Icepheonix32's ghost, amateur TeAE; Icepheonix32's ghost, novice TeAE; Sinoran's ghost, novice FoFi; Woodmanan's ghost, novice GrFi


Innate Abilities, Weirdness & Mutations

You cannot wear most types of armour.
You are very stealthy in the water. (Stealth+)
You are amphibious.
You can wear up to eight rings at the same time.
You can use your tentacles to constrict eight enemies at once.
Your skin changes colour to match your surroundings (Stealth+).
Your rubbery body absorbs attacks. (AC +1, EV +1)


Message History

Press: ? - help, Dir - move target cursor, f - ogre
Aim: an ogre, wielding a +0 giant club You reach to attack!
You barely miss the ogre.
The worker ant twitches its antennae in your direction.
You hit the ogre. You squeeze the ogre, but do no damage.
The ogre is moderately wounded.
You are feeling very hungry.
The ogre misses you.
You puncture the ogre!
The ogre is heavily wounded.
The ogre hits you with a +0 giant club!!
You are too injured to fight recklessly!
You are too injured to fight recklessly!
You are too injured to fight recklessly!
You are too injured to fight recklessly!
You puncture the ogre! Your squeeze misses the ogre.
The ogre is almost dead.
The ogre hits you with a +0 giant club!!
You die...
Fedhas appreciates your contribution to the ecosystem.

.##.._...## #### ..).§.○....
..###### ###○.☼....#
#...[..# ######....#
#......#
g[..#####.####......##
###.........)........## . #
########.##.........#... #
#..##............
###########..#..@Oa.###... .
..........(....))...........
##############......###.....
# #........##.... ..
#######........ #...
#.......# ####
.#########.......#
.......<.........#
##########.......#


You could see an ogre and a worker ant.

Vanquished Creatures
  Duvessa (D:4)
  A bullfrog (D:6)
  Dowan (D:4)
  A water moccasin skeleton (D:5)
  2 howler monkeys
  4 crimson imps
  A bullfrog zombie (D:5)
  3 hounds
  A jelly (D:5)
  3 iguanas
  4 orc priests
  A bullfrog skeleton (D:5)
  2 centaur skeletons
  Ijyb (D:5)
  Natasha (thrice) (D:2)
  3 orc wizards
  3 worker ants
  A hound zombie (D:6)
  A hound skeleton (D:4)
  Robin (D:2)
  8 gnolls
  9 adders
  An ooze (D:1)
  4 worms
  3 dart slugs
  6 leopard geckos
  9 orcs
  4 giant cockroaches
  14 goblins
  10 hobgoblins
  4 jackals (D:3)
  4 quokkas (D:3)
  A ball python (D:3)
  6 bats
  6 frilled lizards
  A giant cockroach zombie (D:5)
  A jackal skeleton (D:4)
  6 kobolds
  2 leopard gecko skeletons (D:4)
  7 rats
144 creatures vanquished.

Vanquished Creatures (others)
  4 plants (D:3)
4 creatures vanquished.

Grand Total: 148 creatures vanquished

Notes
Turn   | Place    | Note
-------+----------+-------------------------------------------
     0 | D:1      | gwangjeom the Octopode Fighter began the quest for the Orb.
     0 | D:1      | Reached XP level 1. HP: 16/16 MP: 1/1
   537 | D:1      | Reached XP level 2. HP: 21/21 MP: 2/2
   973 | D:2      | Noticed Natasha
   981 | D:2      | Killed Natasha
   981 | D:2      | Reached skill level 1 in Stealth
   981 | D:2      | Reached XP level 3. HP: 23/26 MP: 3/3
  1059 | D:2      | Found a sacrificial altar of Ru.
  1063 | D:2      | Noticed Natasha
  1069 | D:2      | Killed Natasha
  1069 | D:2      | Reached XP level 4. HP: 31/31 MP: 4/4
  1110 | D:2      | Noticed Natasha
  1116 | D:2      | Killed Natasha
  1324 | D:2      | Found a faded altar of an unknown god.
  1452 | D:2      | Reached skill level 3 in Polearms
  1452 | D:2      | Reached XP level 5. HP: 31/36 MP: 5/5
  1881 | D:2      | Found a sparkling altar of Nemelex Xobeh.
  2066 | D:3      | Reached XP level 6. HP: 9/43 MP: 6/6
  2385 | D:3      | Reached skill level 4 in Polearms
  2742 | D:3      | Noticed Robin
  2756 | D:2      | Killed Robin
  3503 | D:3      | Found a shattered altar of Ashenzari.
  3534 | D:3      | Reached skill level 1 in Throwing
  3917 | D:4      | Found an opulent altar of Gozag.
  3955 | D:4      | Reached XP level 7. HP: 29/48 MP: 7/7
  4321 | D:4      | Noticed Duvessa
  4321 | D:4      | Noticed Dowan
  4346 | D:4      | Killed Duvessa
  4346 | D:4      | Reached skill level 5 in Polearms
  4360 | D:4      | Killed Dowan
  4597 | D:4      | Found an ancient bone altar of Kikubaaqudgha.
  4996 | D:4      | Found a bloodstained altar of Trog.
  5032 | D:5      | Entered Level 5 of the Dungeon
  5032 | D:5      | Found a shadowy altar of Dithmenos.
  5124 | D:5      | Noticed Ijyb
  5135 | D:5      | Killed Ijyb
  5251 | D:5      | Reached XP level 8. HP: 54/54 MP: 8/8
  5290 | D:5      | Found a runed translucent gate.
  5291 | D:5      | Found a runed translucent gate.
  5350 | D:5      | Found a blossoming altar of Fedhas.
  5412 | D:5      | Reached skill level 6 in Polearms
  5789 | D:5      | Found a blossoming altar of Fedhas.
  6059 | D:5      | Found a runed translucent gate.
  6059 | D:5      | Noticed Icepheonix32's ghost (amateur TeAE)
  6064 | D:5      | Noticed Sinoran's ghost (novice FoFi)
  6065 | D:5      | Noticed Icepheonix32's ghost (novice TeAE)
  6065 | D:5      | Noticed Woodmanan's ghost (novice GrFi)
  6160 | D:5      | Became a worshipper of Fedhas Madash
  6267 | D:6      | Found a radiant altar of Vehumet.
  6288 | D:6      | Reached skill level 5 in Shields
  6709 | D:6      | Slain by an ogre

Levels and vault maps discovered:
D:1:      dpeg_arrival_rooms_b, layout_loops_corners, serial_bayou_pond_e,
          nrook_mini_vaults
D:2:      layout_loops_ring, nicolae_overflow_crystal_walls,
          lemuel_coloured_pillars_altar, chequers_ecumenical_altar_simple_redux,
          uniq_natasha
D:3:      wad_woods_settlement, layout_basic, evilmike_ruin_ashenzari,
          first_ration, minmay_between, uniq_robin
D:4:      layout_basic, marbit_many_paths, kennysheep_little_box,
          kennysheep_mini, kennysheep_pointless_box, uniq_duvessa
D:5:      layout_basic, old_standard_altar, overflow_temple_1_default,
          gammafunk_ghost_cemetery, fedhas_altar_4, uniq_ijyb
D:6:      layout_rooms, fiery_altar_vehumet,
          chequers_temple_overflow_statue_of_worship, minmay_temple_entry_fiery

Skill      XL: |  1  2  3  4  5  6  7  8 |
---------------+-------------------------+-----
Stealth        | 1 2 3 |  3.2
Polearms       | 3 4 5 6 |  6.1
Throwing       | 1 2 4 |  4.5
Shields        | 4 5 |  5.3
Fighting       | 4 |  4.6
Dodging        | 4 |  4.9

Action                   |  1- 3 |  4- 6 |  7- 9 || total
-------------------------+-------+-------+-------++-------
Melee: Trident           |    34 |   194 |   130 ||   358
       Constrict         |     3 |    37 |    30 ||    70
       Tentacles         |     5 |    25 |    29 ||    59
Throw: Javelin           |       |     3 |       ||     3
       Dart              |       |    21 |    55 ||    76
Evoke: Wand              |       |       |     1 ||     1
 Stab: Sleeping          |    10 |     9 |     3 ||    22
       Distracted        |       |     2 |       ||     2
  Eat: Chunk             |       |    10 |     4 ||    14
       Ration            |       |       |     1 ||     1
Armor: Skin              |       |     5 |     2 ||     7
Dodge: Dodged            |     4 |    56 |    41 ||   101
Block: Shield            |     5 |    61 |    33 ||    99
